 Dungeon Crawl Stone Soup version 0.29-a0-380-gf50f0a9fbc (webtiles) character file.

Game seed: 14743685107234450734

1745 Hubjo the Arsonist (level 8, -1/57 (72) HPs)
             Began as a Deep Elf Fire Elementalist on May 5, 2022.
             Was an Initiate of Ashenzari.
             Slain by a fire elemental (5 damage)
             ... created by the fiery vengeance of Ignis
             ... on level 5 of the Dungeon.
             The game lasted 00:17:31 (12425 turns).

Hubjo the Arsonist (Deep Elf Fire Elementalist)    Turns: 12425, Time: 00:17:32

HP:   -1/57 (72)    AC: 24    Str:  5    XL:     8   Next: 77%
MP:   20/20         EV:  2    Int: 21    God:    Ashenzari [......]
Gold: 1447          SH:  0    Dex: 17    Spells: 16/21 levels left

rFire   . . .      SeeInvis .   e - +1 dagger (elec)
rCold   . . .      Faith    .   (no shield)
rNeg    . . .      Spirit   .   (body armour currently unavailable)
rPois   +          Reflect  .   (helmet currently unavailable)
rElec   .          Harm     .   (cloak currently unavailable)
rCorr   .          Rampage  .   (gloves currently unavailable)
Will    .....      NoTele   +   (boots currently unavailable)
Stlth   ++++......              (no amulet)
HPRegen 0.19/turn               (no ring)
MPRegen 0.17/turn               (no ring)

@: tree-form, attractive, heavily drained, fire susceptible
A: stationary, stasis, torment immunity, boosted hp
a: Renounce Religion


You were on level 5 of the Dungeon.
You worshipped Ashenzari.
Ashenzari was noncommittal.
You were a tree.
You visited 2 branches of the dungeon, and saw 7 of its levels.

You collected 1447 gold pieces.

Inventory:

Hand Weapons
 d - a +0 dagger of venom
 e - a +1 dagger of electrocution (weapon)
 m - a +0 short sword of venom
Missiles
 o - a throwing net
 G - 9 atropa-tipped darts
Armour
 a - a +1 robe (melded)
 l - a scarf of invisibility (melded)
 p - a +0 pair of gloves
 u - the +0 pair of gloves of Vaorheiq (melded) {+Blink Int+4}
   (You found it on level 4 of the Dungeon)

   Int:       It affects your intelligence (+4).
   +Blink:    It lets you blink.
Wands
 x - a wand of flame (9)
 E - a wand of charming (9)
Scrolls
 j - 2 scrolls of enchant armour
 q - a scroll of poison
 r - 3 scrolls of amnesia
 t - a scroll of vulnerability
 C - a scroll of enchant weapon
 D - a scroll of noise
Potions
 b - a potion of magic
 g - a potion of lignification
 i - 2 potions of curing
 k - a potion of attraction
 s - a potion of mutation {unknown}
 v - a potion of heal wounds {unknown}
 w - a potion of ambrosia {unknown}
 z - 2 potions of haste
 A - 2 potions of degeneration {unknown}
 B - a potion of resistance {unknown}
 F - a potion of might {unknown}


   Skills:
 + Level 4.3 Fighting
 - Level 2.4 Dodging
 + Level 7.0 Stealth
 + Level 7.2 Spellcasting
 - Level 1.1 Conjurations
 * Level 8.2 Fire Magic


You had 16 spell levels left.
You knew the following spells:

 Your Spells              Type           Power      Damage    Failure   Level
a - Foxfire               Conj/Fire      100%       2x1d9     1%          1
b - Flame Wave            Conj/Fire      27%        2d7       13%         4

Your spell library contained the following spells:

 Spells                   Type           Power      Damage    Failure   Level
 Scorch                   Fire           84%        2d9       1%          2
 Conjure Flame            Conj/Fire      27%        6-21      3%          3
 Inner Flame              Hex/Fire       24%        N/A       4%          3
 Slow                     Hex            28%        N/A       9%          1
 Corpse Rot               Necr/Air       14%        N/A       13%         2
 Confusing Touch          Hex            7%         N/A       26%         3
 Vampiric Draining        Necr           7%         2d6       26%         3
 Animate Dead             Necr           3%         N/A       65%         4
 Dispel Undead            Necr           7%         3d8       65%         4
 Death Channel            Necr           3%         N/A       100%        6
 Haunt                    Necr/Summ      3%         N/A       100%        7
 Infestation              Necr           3%         N/A       100%        8


Dungeon Overview and Level Annotations

Branches:
Dungeon (6/15)             Temple (1/1) D:5

Altars:
Ashenzari
Cheibriados
Dithmenos
Elyvilon
Fedhas
Gozag
Hepliaklqana
Kikubaaqudgha
Makhleb
Nemelex Xobeh
Okawaru
Qazlal
Ru
Sif Muna
Trog
Uskayaw
Vehumet
Wu Jian
Xom
Yredelemnul
Zin
The Shining One
Ignis

Shops:
D:5 (


Message History

Something appears at your feet! The fire elemental closely misses you.
As you read the scroll of teleportation, it crumbles to dust.
You feel strangely unstable. The fire elemental closely misses you.
The fire elemental hits you. The fire elemental burns you!
You now have 1447 gold pieces (gained 1142).
The fire elemental hits you. The fire elemental burns you!
* * * LOW HITPOINT WARNING * * *
The fire elemental barely misses you.
Your surroundings suddenly seem different.
There is a stone staircase leading up here.
You climb upwards.
There is a stone staircase leading down here.
You start resting.
You feel your willpower return.
You start resting.
HP restored.
As you read the scroll labelled IJARHOUSUA, it crumbles to dust.
You feel momentarily disoriented.
It was a scroll of magic mapping.
There is an open door here.
There is a stone staircase leading down here.
You climb downwards.
There is a stone staircase leading up here.
There is an open door here.
There is a stone staircase leading down, spattered with blood here.
You climb downwards.
The fire elemental hits you. The fire elemental burns you!
The fire elemental closely misses you. The fire elemental hits you.
The fire elemental burns you! The fire elemental misses you.
There is a stone staircase leading up, spattered with blood here.
Okay, then.
It was a potion of attraction.
You feel attractive to monsters. The fire elemental hits you.
The fire elemental burns you!
* * * LOW HITPOINT WARNING * * *
The fire elemental completely misses you.
It was a potion of lignification.
You turn into a tree.
Your scarf of invisibility melds into your body.
The +0 pair of gloves of Vaorheiq {+Blink Int+4} melds into your body.
Your +1 robe melds into your body.
Your roots penetrate the ground.
The fire elemental hits you. The fire elemental burns you!
You die...

###.#...##....###.#............#.
.####........###..#.........####.
⌠.##.#.....### #...#.........####
.##..........###...##.........###
#....)..##...#.#.................
........###..........)...........
........................##.......
......##.......EE.....).##...#...
......##........♣)...........#...
......##.....#####............^..
.......#.....#.# #............###
..#.#..........###............##.
...##....###.#.................#.
#..#.....#####.....#...........'.
..................####.......☼.#.
........#............#........○#.
#.......##.......#...#.........##


You could see 2 fire elementals.

Vanquished Creatures
  A wyvern (D:6)
  2 steam dragons (D:6)
  A black bear (D:6)
  An ogre (D:6)
  2 centaurs
  Blork the orc (D:4)
  A necrophage (D:4)
  3 scorpions
  A jelly (D:5)
  3 orc priests
  6 hounds
  4 iguanas
  An orc wizard (D:5)
  9 adders
  4 gnolls
  2 shadow imps
  An ufetubus (D:4)
  3 worms
  A dart slug (D:1)
  12 orcs
  5 ball pythons
  7 endoplasms
  3 giant cockroaches
  5 goblins
  5 hobgoblins
  13 jackals
  10 kobolds
  6 quokkas
  6 bats
  2 frilled lizards (D:1)
  5 rats
126 creatures vanquished.

Vanquished Creatures (others)
  An iguana (D:6)
  797 foxfires
798 creatures vanquished.

Grand Total: 924 creatures vanquished

Notes
Turn   | Place    | Note
-------+----------+-------------------------------------------
     0 | D:1      | Hubjo the Deep Elf Fire Elementalist began the quest for
                  | the Orb.
     0 | D:1      | Reached XP level 1. HP: 10/10 MP: 6/6
   143 | D:1      | Reached XP level 2. HP: 16/16 MP: 0/8
   338 | D:1      | Reached skill level 1 in Fighting
   699 | D:1      | Reached XP level 3. HP: 5/20 MP: 4/9
  1248 | D:1      | Found a faded altar of an unknown god.
  1265 | D:1      | Prayed at the altar of an unknown god.
  1265 | D:1      | Became a worshipper of Ignis, the Dying Flame
  1703 | D:2      | Reached XP level 4. HP: 3/26 MP: 0/11
  1703 | D:2      | HP: 1/26 [poisoned by an adder]
  4106 | D:4      | Found a hazy altar of Hepliaklqana.
  4114 | D:4      | Reached skill level 4 in Fire Magic
  4227 | D:4      | Reached XP level 5. HP: 29/31 MP: 13/13
  4233 | D:4      | Identified the +0 pair of gloves of Vaorheiq {+Blink Int+4}
  4432 | D:4      | Noticed Blork the orc
  4441 | D:4      | Killed Blork the orc
  4442 | D:4      | Reached XP level 6. HP: 25/36 MP: 5/15
  4568 | D:4      | Reached skill level 5 in Fire Magic
  4996 | D:4      | Reached skill level 5 in Spellcasting
  5373 | D:5      | Entered Level 5 of the Dungeon
  5391 | D:5      | Reached skill level 5 in Stealth
  5391 | D:5      | Reached XP level 7. HP: 37/41 MP: 5/16
  5400 | D:5      | Learned a level 4 spell: Flame Wave
  5869 | D:5      | Reached skill level 6 in Fire Magic
  6315 | D:5      | Found Xasugri's Antique Weapon Boutique.
  6437 | D:5      | Found a staircase to the Ecumenical Temple.
  6889 | D:6      | Reached XP level 8. HP: 23/48 MP: 17/19
  6894 | D:6      | Reached skill level 7 in Fire Magic
  7485 | Temple   | Entered the Ecumenical Temple
  7647 | Temple   | Fell from the grace of Ignis
  7647 | Temple   | Became a worshipper of Ashenzari the Shackled
 10150 | D:6      | Reached skill level 8 in Fire Magic
 12102 | D:4      | Identified a scroll of acquirement
 12102 | D:4      | Acquired 1142 gold pieces
 12425 | D:5      | Slain by a fire elemental

Illustrated notes

Levels and vault maps discovered:
D:1:      tarquinn_simple_flora_water_c, layout_basic,
          dreamdust_ecumenical_altar_angels_and_demons, serial_glass,
          glass_columns_c, glass_columns_b, glass_columns_a, glass_columns_b,
          glass_columns_a, glass_columns_b, item_on_display_a,
          due_unseen_surprise
D:2:      layout_loops_ring
D:3:      layout_basic
D:4:      layout_gridville, mainiacjoe_overflow_paths,
          kennysheep_generic_room_10, uniq_blork_the_orc
D:5:      layout_cave_pools, minmay_temple_entry_hall, serial_shops,
          nicolae_stop_n_shop_2, grunt_decor_mini_mirrors, dk_noncrumbling_3
D:6:      layout_rooms
Temple:   kilobyte_greek_temple

Skill      XL: |  1  2  3  4  5  6  7  8 |
---------------+-------------------------+-----
Fighting       | 1 2 3 4 |  4.3
Stealth        | 3 4 5 6 7 |  7.0
Spellcasting   | 4 5 6 7 |  7.2
Fire Magic     | 4 5 6 8 |  8.2
Dodging        | |  2.4
Conjurations   | |  1.1

Action                   |  1- 3 |  4- 6 |  7- 9 || total
-------------------------+-------+-------+-------++-------
Melee: Dagger            |     8 |     6 |     9 ||    23
       Unarmed           |     1 |       |       ||     1
       Punch             |     1 |       |       ||     1
 Cast: Foxfire           |   108 |   184 |   131 ||   423
Invok: Foxfire Swarm     |       |     1 |     7 ||     8
       Rising Flame      |       |       |     1 ||     1
 Abil: Evoke Blink       |       |       |     3 ||     3
       Evoke Invisibilit |       |       |     1 ||     1
  Use: Potion            |       |     2 |     2 ||     4
       Scroll            |       |     1 |    12 ||    13
 Stab: Sleeping          |     1 |       |     1 ||     2
Armor: Robe              |     3 |     7 |    12 ||    22
       Skin              |       |       |     1 ||     1
Dodge: Dodged            |    13 |    20 |    32 ||    65

Table legend: (Time is in decaauts)
 A = Elapsed time spent in this place.
 B = Non-inter-level travel time spent in this place.
 C = Inter-level travel time spent in this place.
 D = Time resting spent in this place.
 E = Time spent auto-exploring this place.
 F = Levels seen in this place.
 G = Mean time per level.
                   A        B        C        D        E       F      G
               +--------+--------+--------+--------+--------+-----+--------+
         Total |  12412 |  12107 |    305 |   4904 |   5998 |   7 | 1773.1 |
       Dungeon |   9840 |   9542 |    298 |   2531 |   5851 |   6 | 1640.0 |
        Temple |   2571 |   2564 |      7 |   2373 |    147 |   1 | 2571.0 |
               +--------+--------+--------+--------+--------+-----+--------+

Top non-repeatable levels by time:
     D:4: 3256 daAuts
  Temple: 2571 daAuts
     D:5: 1672 daAuts
     D:3: 1576 daAuts
     D:1: 1498 daAuts
     D:2: 1280 daAuts
     D:6: 556 daAuts
